 Dungeon Crawl Stone Soup version 0.22.1-2-g9c5b331 (webtiles) character file.

8250 Ereth the Nimble (level 11, -2/107 HPs)
             Began as a Troll Berserker on Dec 26, 2018.
             Was a High Priest of Trog.
             Slain by a wight
             ... wielding the +8 glaive of the Guard {elec, +Rage AC+5 SInv}
              (21 damage)
             ... on level 11 of the Dungeon.
             The game lasted 00:46:33 (10842 turns).

Ereth the Nimble (Troll Berserker)                 Turns: 10842, Time: 00:46:34

Health: -2/107     AC: 11    Str: 33    XL:     11   Next: 7%
Magic:  3/3        EV: 13    Int:  4    God:    Trog [*****.]
Gold:   726        SH:  0    Dex: 10    Spells: 10/10 levels left

rFire    . . .     SeeInvis .   Y - +2 short sword (antimagic)
rCold    . . .     Gourm    +   (no shield)
rNeg     . . .     Faith    .   o - +1 robe
rPois    .         Spirit   .   B - +2 hat
rElec    .         Reflect  .   L - +2 cloak
rCorr    .         Harm     .   (gloves unavailable)
MR       +++..                  (boots unavailable)
Stlth    ++........             V - amulet of the acrobat
HPRegen  1.67/turn              H - ring of protection from magic
MPRegen  0.08/turn              n - +5 ring of strength

@: about to teleport, berserk cooldown, regenerating, slowed, drained, very slow
A: large, unfitting armour, claws 3, fast metabolism 3, gourmand, regeneration
1, shaggy fur 1, tough skin 2
a: Berserk, Trog's Hand, Brothers in Arms, Renounce Religion


You were on level 11 of the Dungeon.
You worshipped Trog.
Trog was extremely pleased with you.
You were not hungry.

You visited 2 branches of the dungeon, and saw 12 of its levels.

You collected 790 gold pieces.
You spent 64 gold pieces at shops.

Inventory:

Hand Weapons
 a - a +1 hand axe
 f - a +0 scythe
 i - a +0 shortbow
 m - a +2 antimagic double sword
 p - a +4 short sword of venom
 G - a cursed +3 falchion
 K - a +3 hand axe
 S - a +3 flail of protection
 Y - a +2 antimagic short sword (weapon)
Missiles
 e - 142 sling bullets
 h - 301 arrows
 q - 7 javelins of penetration (quivered)
 X - 3 javelins
Armour
 o - a +1 robe (worn)
 B - a +2 hat (worn)
 L - a +2 cloak (worn)
Jewellery
 g - an uncursed ring of resist corrosion
 n - a +5 ring of strength (right claw)
 H - a ring of protection from magic (left claw)
 J - an uncursed ring of ice
 O - an uncursed ring of flight {unknown}
 U - an uncursed ring of poison resistance
 V - an amulet of the acrobat (around neck)
Wands
 w - a wand of iceblast (6)
 x - a wand of enslavement (11)
 E - a wand of scattershot (5)
 F - a wand of flame (42)
 P - a wand of paralysis (31)
 R - a wand of random effects (34)
Scrolls
 u - 3 scrolls of blinking
 v - 13 scrolls of teleportation
 y - a scroll of fear
 z - a scroll of magic mapping
 C - a scroll of fog
 I - a scroll of remove curse
 T - a scroll of immolation
Potions
 b - a potion of resistance
 d - 2 potions of agility
 j - a potion of magic
 k - a potion of brilliance
 l - a potion of ambrosia
 r - 2 potions of mutation
 s - a potion of invisibility
 t - a potion of cancellation
 A - 3 potions of degeneration
 D - a potion of haste
 M - a potion of might
 N - a potion of flight {unknown}
 Q - 6 potions of curing
 Z - 2 potions of lignification
Comestibles
 c - 15 rations


   Skills:
 + Level 6.6(5.9) Fighting
 + Level 7.4(7.8) Short Blades
 + Level 6.1(7.2) Long Blades
 + Level 3.8(3.3) Axes
 + Level 8.0(7.4) Dodging
 + Level 2.0(1.4) Stealth


You had 10 spell levels left.
You didn't know any spells.
Your spell library was empty.

Dungeon Overview and Level Annotations

Branches:
Dungeon (11/15)            Temple (1/1) D:5            Lair (0/6) D:9
    Orc: D:9-12

Altars:
Ashenzari
Cheibriados
Dithmenos
Elyvilon
Fedhas
Gozag
Hepliaklqana
Kikubaaqudgha
Makhleb
Nemelex Xobeh
Okawaru
Qazlal
Ru
Sif Muna
Trog
Uskayaw
Vehumet
Wu Jian
Xom
Yredelemnul
Zin
The Shining One

Shops:
D:10 *


Innate Abilities, Weirdness & Mutations

You are too large for most types of armour.
You have claws for hands.
Your metabolism is lightning-fast.
You like to eat raw meat.
Your natural rate of healing is unusually fast.
You are covered in fur. (AC +1)
You have very tough skin. (AC +2)


Message History

The wight hits you with a scimitar of freezing.
* * * LOW HITPOINT WARNING * * *
The wight freezes you.
* * * LOW HITPOINT WARNING * * *
Your skin crawls.
You feel resistant to hostile enchantments.
You feel somewhat more hungry. The yak gores you.
* * * LOW HITPOINT WARNING * * *
The wight hits you but does no damage.
As you read the scroll of teleportation, it crumbles to dust.
You feel strangely unstable. The yak completely misses you.
The wight hits you with a scimitar of freezing.
* * * LOW HITPOINT WARNING * * *
You feel drained.
* * * LOW HITPOINT WARNING * * *
The wight freezes you.
* * * LOW HITPOINT WARNING * * *
The yak closely misses you.
The wight hits you from afar with the +8 glaive of the Guard {elec, +Rage AC+5 You die...

##.### #......z.
#.... #.......
#..########.#.##.#
.....##.......##.###
.....#......#...†./#
.....#......#.##†#.#
#..###........#zz# #
#......<....#.#zY#
##.##.......#.##@#
#.##.#.#'#.#....#
##.##.#.#.#.#....#
...##.#...#.......
...##.##########.#
...##.. ... #######
### ..... #####


You could see a yak and 3 wights.

Vanquished Creatures
  A two-headed ogre (D:9)
  A hornet (D:11)
  Prince Ribbit (D:9)
  4 hippogriffs
  Sigmund (D:4)
  6 yaks (D:11)
  Eustachio (D:6)
  A hungry ghost (D:9)
  3 vampire mosquitoes (D:11)
  Edmund (D:6)
  2 sky beasts
  A black bear (D:9)
  2 necrophages
  2 phantoms
  3 ogres
  4 centaurs
  A crocodile (D:7)
  A big kobold (D:11)
  Blork the orc (D:4)
  8 bullfrogs
  6 scorpions
  4 killer bees
  6 howler monkeys
  4 wights
  4 crimson imps
  2 centaur zombies
  2 orc priests (D:5)
  5 hounds
  4 jellies
  10 orc wizards
  2 bullfrog skeletons
  2 centaur skeletons
  Natasha (D:4)
  2 iguanas
  16 worker ants
  A hound zombie (D:7)
  A hound skeleton (D:8)
  7 gnolls
  13 adders
  3 shadow imps
  An ooze (D:2)
  An adder skeleton (D:7)
  A worm (D:2)
  3 dart slugs
  7 leopard geckos
  26 orcs
  7 giant cockroaches
  5 hobgoblins
  8 jackals
  11 kobolds
  4 quokkas
  3 ball pythons
  9 bats
  6 frilled lizards
  6 goblins
  A leopard gecko skeleton (D:4)
  2 quokka skeletons
  A quokka zombie (D:5)
  9 rats
251 creatures vanquished.

Vanquished Creatures (collateral kills)
  A killer bee (D:9)
1 creature vanquished.

Vanquished Creatures (others)
  An orc (D:7)
1 creature vanquished.

Grand Total: 253 creatures vanquished

Notes
Turn   | Place    | Note
-------+----------+-------------------------------------------
     0 | D:1      | Ereth the Troll Berserker began the quest for the Orb.
     0 | D:1      | Reached XP level 1. HP: 22/22 MP: 0/0
   163 | D:1      | Reached XP level 2. HP: 28/29 MP: 1/1
   606 | D:1      | Reached ** piety under Trog
   620 | D:1      | Reached XP level 3. HP: 26/36 MP: 2/2
   961 | D:2      | Reached skill level 3 in Dodging
   973 | D:2      | Reached XP level 4. HP: 33/44 MP: 3/3
  1103 | D:2      | Found a bloodstained altar of Trog.
  1878 | D:3      | Found a shimmering altar of Xom.
  1905 | D:3      | Reached XP level 5. HP: 40/52 MP: 4/4
  2155 | D:3      | Reached *** piety under Trog
  2385 | D:3      | Reached skill level 1 in Short Blades
  2512 | D:3      | Found a stormy altar of Qazlal.
  2913 | D:4      | Noticed Blork the orc
  2935 | D:5      | Entered Level 5 of the Dungeon
  3011 | D:5      | Reached XP level 6. HP: 23/61 MP: 5/5
  3122 | D:4      | Killed Blork the orc
  3594 | D:4      | Noticed Sigmund
  3697 | D:4      | Killed Sigmund
  3697 | D:4      | Reached skill level 4 in Dodging
  3697 | D:4      | Reached XP level 7. HP: 44/67 MP: 6/6
  3919 | D:4      | Noticed Natasha
  3928 | D:4      | Killed Natasha
  4154 | D:5      | Found a staircase to the Ecumenical Temple.
  4162 | Temple   | Entered the Ecumenical Temple
  4856 | D:5      | Found a blossoming altar of Fedhas.
  4856 | D:5      | Found a deep blue altar of Sif Muna.
  4859 | D:5      | Found an ornate altar of the Wu Jian Council.
  4990 | D:6      | Noticed Edmund
  5006 | D:6      | Killed Edmund
  5068 | D:6      | Reached XP level 8. HP: 71/78 MP: 7/7
  5093 | D:6      | Reached skill level 5 in Dodging
  5341 | D:6      | Reached **** piety under Trog
  5341 | D:6      | Reached skill level 1 in Stealth
  5402 | D:6      | Noticed Eustachio
  5418 | D:6      | Killed Eustachio
  5544 | D:6      | Reached skill level 5 in Short Blades
  5628 | D:6      | Found a runed door.
  5631 | D:6      | Found a runed door.
  5985 | D:7      | Found a stormy altar of Qazlal.
  6016 | D:7      | Reached ***** piety under Trog
  6058 | D:7      | Found an ancient bone altar of Kikubaaqudgha.
  6058 | D:7      | Noticed a hippogriff
  6071 | D:7      | Killed a hippogriff
  6071 | D:7      | Reached skill level 6 in Dodging
  6071 | D:7      | Reached XP level 9. HP: 53/85 MP: 8/8
  6763 | D:8      | Reached skill level 5 in Fighting
  7729 | D:8      | Received a gift from Trog
  7857 | D:9      | Found a shadowy altar of Dithmenos.
  7958 | D:9      | Reached skill level 7 in Dodging
  8078 | D:9      | Found a staircase to the Lair.
  8225 | D:9      | Noticed Prince Ribbit
  8241 | D:9      | Killed Prince Ribbit
  8241 | D:9      | Reached skill level 1 in Long Blades
  8241 | D:9      | Reached XP level 10. HP: 96/98 MP: 3/9
  8772 | D:10     | Entered Level 10 of the Dungeon
  8790 | D:10     | Found Quxaunoph's Assorted Antiques.
  8800 | D:10     | Bought a scroll labeled SUOSERI ORITWO for 32 gold pieces
  8800 | D:10     | Bought a scroll labeled TOAJUV TERPHE for 32 gold pieces
  8810 | D:10     | Noticed a two-headed ogre
  8890 | D:9      | Killed a two-headed ogre
 10203 | D:11     | Reached skill level 5 in Long Blades
 10265 | D:11     | Paralysed by a hornet for 2 turns
 10751 | D:11     | Received a gift from Trog
 10805 | D:11     | Reached XP level 11. HP: 96/107 MP: 3/10
 10833 | D:11     | Reached skill level 8 in Dodging
 10842 | D:11     | Slain by a wight

Skill      XL: |  1  2  3  4  5  6  7  8  9 10 11 |
---------------+----------------------------------+-----
Axes           | 3 |  3.8
Dodging        | 3 4 6 7 8 |  8.0
Fighting       | 3 4 5 6 |  6.6
Short Blades   | 1 3 4 6 7 |  7.4
Stealth        | 1 2 |  2.0
Long Blades    | 1 5 6 |  6.1

Action                   |  1- 3 |  4- 6 |  7- 9 | 10-12 || total
-------------------------+-------+-------+-------+-------++-------
Melee: Hand axe          |   120 |       |       |       ||   120
       Short sword       |    24 |   161 |   367 |    42 ||   594
       Double sword      |       |       |    45 |   172 ||   217
Throw: Javelin           |       |       |       |     1 ||     1
Invok: Berserk           |       |     2 |     5 |     4 ||    11
       Brothers in Arms  |       |       |       |     1 ||     1
       Trog's Hand       |       |       |       |     1 ||     1
  Use: Scroll            |     7 |    10 |    11 |     7 ||    35
       Potion            |       |     3 |     1 |     3 ||     7
 Stab: Sleeping          |       |       |     1 |       ||     1
  Eat: Chunk             |    15 |    25 |    47 |    22 ||   109
       Ration            |       |       |       |     3 ||     3
Armor: Animal skin       |    64 |       |       |       ||    64
       Robe              |    24 |    46 |   231 |   103 ||   404
       Skin              |       |    10 |       |       ||    10
Dodge: Dodged            |   101 |    86 |   326 |   230 ||   743
       Rpst.: Double sword |       |       |    13 |    55 ||    68
